 Dungeon Crawl Stone Soup version 0.16-a0-3652-g8567522 (webtiles) character file.

1968 Gronka the Protected (level 9, -1/78 HPs)
             Began as a Minotaur Fighter on Jan 16, 2015.
             Was a Priest of Nemelex Xobeh.
             Slain by an unseen horror (3 damage)
             ... on level 9 of the Dungeon.
             The game lasted 00:17:47 (5217 turns).

Gronka the Protected (Minotaur Fighter)             Turns: 5217, Time: 00:17:50

Health: -1/78      AC: 10    Str: 24    XL:     9   Next: 0%
Magic:  6/6        EV: 11    Int:  5    God:    Nemelex Xobeh [***...]
Gold:   333        SH: 12    Dex: 10    Spells: 0 memorised, 8 levels left

rFire  + . .     SeeInvis .     a - +0 trident
rCold  . . .     Clarity  .     j - +4 ring mail {rF+}
rNeg   . . .     SustAb   .     c - +1 shield
rPois  .         Gourm    .     (helmet restricted)
rElec  .         Spirit   .     (no cloak)
rCorr  .         Warding  .     (no gloves)
rMut   .         Stasis   .     (no boots)
MR     .....                    (no amulet)
Stlth  ..........               (no ring)
                                (no ring)

@: not resistant to hostile enchantments, extremely unstealthy
A: retaliatory headbutt, horns 2
a: Triple Draw, Renounce Religion


You were on level 9 of the Dungeon.
You worshipped Nemelex Xobeh.
Nemelex Xobeh was most pleased with you.
You were not hungry.

You visited 2 branches of the dungeon, and saw 8 of its levels.

You collected 333 gold pieces.

Inventory:

Hand weapons
 a - a +0 trident (weapon)
Armour
 b - a +0 scale mail
 c - a +1 shield (worn)
 f - a +0 shield
 j - a +4 ring mail of fire resistance (worn)
 q - a +0 chain mail
 D - a +3 scale mail of cold resistance
 L - a +0 plate armour
Magical devices
 k - a wand of hasting (6)
 s - a wand of cold (11)
 B - a wand of teleportation (1)
 I - a wand of teleportation (1)
Scrolls
 g - a scroll of fog {unknown}
 h - a scroll of fear {unknown}
 l - a scroll of recharging {unknown}
 p - a scroll of noise {unknown}
 r - 2 scrolls of amnesia
 u - 4 scrolls of identify
 v - a scroll of blinking {unknown}
 y - a scroll of enchant weapon {unknown}
 G - 2 scrolls of teleportation
 J - a scroll of random uselessness {unknown}
 M - a scroll of vulnerability {unknown}
Potions
 e - a potion of might
 i - 2 potions of lignification {unknown}
 z - a potion of heal wounds
 E - a potion of invisibility {unknown}
 F - 2 potions of curing {unknown}
 K - a potion of magic {unknown}
Books
 H - the Disquisition on the Assistive Rocks
   (You found it on level 6 of the Dungeon)

   Spells                             Type                      Level
   a - Sandblast                      Earth                        1
   b - Song of Slaying                Charms                       2
   c - Warp Weapon                    Charms/Translocation         5
   d - Iron Shot                      Conjuration/Earth            6
   e - Statue Form                    Transmutation/Earth          6
Miscellaneous
 n - a plain deck of war
 C - a plain deck of destruction
Comestibles
 d - 3 bread rations
 o - 4 meat rations
 t - 5 fruits
 w - a slice of pizza


   Skills:
 + Level 6.7 Fighting
 + Level 6.3 Polearms
 + Level 8.0 Armour
 + Level 4.4 Dodging
 + Level 7.8 Shields
 + Level 1.4 Evocations


You had 8 spell levels left.
You didn't know any spells.

Dungeon Overview and Level Annotations

Branches:
Dungeon (9/15)             Temple (1/1) D:4
   Lair: D:8-11         Orc: D:9-12

Altars:
Ashenzari
Cheibriados
Dithmenos
Elyvilon
Fedhas
Gozag
Kikubaaqudgha
Makhleb
Nemelex Xobeh
Okawaru
Qazlal
Ru
Trog
Vehumet
Xom
Yredelemnul
Zin
The Shining One

Shops:
D:5 *


Innate Abilities, Weirdness & Mutations

You reflexively headbutt those who attack you in melee.
You have a pair of horns on your head.


Message History

Something hits you but does no damage. Something hits you.
* * * LOW HITPOINT WARNING * * *
You block the gnoll's attack.
You puncture the gnoll sergeant!
You headbutt the gnoll sergeant, but do no damage.
The gnoll sergeant is moderately wounded.
You hit something. Something hits you but does no damage.
Something hits you but does no damage. The gnoll sergeant misses you.
The gnoll hits you from afar with a halberd!
* * * LOW HITPOINT WARNING * * *
Zapping:
B - a wand of teleportation (will waste charges)
Press: ? - help, Shift-Dir - straight line Nothing appears to happen.
Evoking this partially-identified wand wasted a few charges.
Your cleaving frenzy subsides.
Something hits you!
* * * LOW HITPOINT WARNING * * *
Something hits you.
You die...
Your body glows slightly and disappears.

***,,,* #.........>...P_,,,,,,,,*
*,,,###.#....####.#P.P,,,*,*,*,
***,,.[...#.#.#####.?..,,,,*,,,,,
*,,,,............?....#,****,*,*,
*>*,*.........#...#####,* *,,,,*
*,,,,.............# *,* *,*,,,
*,,,,,#####.###...# *,* *,****
*,,,,,,,,...* ##.## *,* *,*
*,,,,,**####* #@# *,* *,* *,,,,,*
#g# *,* *,* ***,********
#g#*****,****,**** *,,,,,,,,*
#gg,,,,,,,,,,,,,,, ********,*
#g<,****,********, *,****#...*
*,****,,,,, *,,,,,....*
*,,,,,,**** ******##### ******,*
*,*


You could see a gnoll sergeant and 4 gnolls.

Vanquished Creatures
  Prince Ribbit (D:4)
  The ghost of B1inky the Chopper, an average OpBe of Trog (D:4)
  A sky beast (D:5)
  An ogre (D:6)
  A necrophage (D:5)
  A centaur (D:6)
  A big kobold (D:9)
  Duvessa (D:4)
  A giant frog (D:9)
  A scorpion (D:6)
  A centaur zombie (D:6)
  Dowan (D:4)
  A jelly (D:9)
  An orc priest (D:4)
  4 hounds
  An orc wizard (D:4)
  2 iguanas (D:5)
  4 worker ants
  A mummy (D:9)
  A hound skeleton (D:4)
  Robin (D:2)
  6 adders
  2 giant mites
  A worm (D:2)
  7 giant geckos
  8 orcs
  9 bats
  A bat skeleton (D:5)
  2 giant cockroaches
  15 goblins
  16 hobgoblins
  2 jackals (D:3)
  6 quokkas
  4 giant newts
  A jackal skeleton (D:4)
  12 kobolds
  12 rats
132 creatures vanquished.

Vanquished Creatures (collateral kills)
  Joseph (D:9)
  A deep elf mage (D:9)
  An ice beast (D:5)
  An ogre (D:4)
  2 bats (D:9)
  2 kobolds (D:9)
8 creatures vanquished.

Vanquished Creatures (others)
  An orc wizard (D:4)
1 creature vanquished.

Grand Total: 141 creatures vanquished

Notes
Turn   | Place    | Note
--------------------------------------------------------------
     0 | D:1      | Gronka, the Minotaur Fighter, began the quest for the Orb.
     0 | D:1      | Reached XP level 1. HP: 19/19 MP: 1/1
   188 | D:1      | Reached XP level 2. HP: 22/27 MP: 1/1
   199 | D:1      | Reached skill level 4 in Armour
   960 | D:2      | Noticed Robin
   960 | D:2      | Reached XP level 3. HP: 33/33 MP: 2/2
   975 | D:2      | Killed Robin
   975 | D:2      | Reached skill level 1 in Dodging
  1135 | D:2      | Reached XP level 4. HP: 40/40 MP: 2/2
  1748 | D:3      | Reached XP level 5. HP: 46/46 MP: 2/2
  1812 | D:3      | Found a sparkling altar of Nemelex Xobeh.
  1849 | D:3      | Became a worshipper of Nemelex Xobeh the Trickster
  2047 | D:3      | Received a gift from Nemelex Xobeh
  2242 | D:4      | Reached skill level 5 in Armour
  2498 | D:4      | Noticed Dowan
  2499 | D:4      | Noticed Duvessa
  2501 | D:4      | Found a shadowy altar of Dithmenos.
  2506 | D:4      | Killed Dowan
  2506 | D:4      | Reached XP level 6. HP: 43/53 MP: 3/3
  2519 | D:4      | Killed Duvessa
  2519 | D:4      | Reached skill level 5 in Shields
  2765 | D:4      | Noticed an ogre
  2778 | D:4      | Killed an ogre
  2823 | D:4      | Found a burning altar of Makhleb.
  2894 | D:4      | Noticed B1inky's ghost (average OpBe)
  2920 | D:4      | Killed B1inky's ghost
  2920 | D:4      | Reached skill level 6 in Armour
  2920 | D:4      | Reached XP level 7. HP: 37/60 MP: 3/3
  3115 | D:4      | Reached skill level 5 in Fighting
  3284 | D:4      | Found a staircase to the Ecumenical Temple.
  3288 | D:4      | Noticed Prince Ribbit
  3299 | D:4      | Killed Prince Ribbit
  3474 | Temple   | Entered the Ecumenical Temple
  3478 | Temple   | Received a gift from Nemelex Xobeh
  3957 | D:5      | Entered Level 5 of the Dungeon
  4003 | D:5      | Received a gift from Nemelex Xobeh
  4097 | D:5      | Reached skill level 7 in Armour
  4142 | D:5      | Found Gukap's General Store.
  4227 | D:5      | Found a radiant altar of Vehumet.
  4244 | D:5      | Reached skill level 5 in Polearms
  4309 | D:5      | Found a basalt altar of Yredelemnul.
  4351 | D:5      | Reached XP level 8. HP: 55/69 MP: 4/4
  4486 | D:6      | Reached skill level 1 in Evocations
  4654 | D:6      | Identified the Disquisition on the Assistive Rocks
  4917 | D:6      | You fall through a shaft for 3 floors!
  4942 | D:9      | Reached skill level 8 in Armour
  5024 | D:9      | Acquired Nemelex Xobeh's first power
  5140 | D:9      | Noticed Joseph
  5176 | D:9      | Killed Joseph
  5176 | D:9      | Reached XP level 9. HP: 39/78 MP: 6/6
  5199 | D:9      | Found a blossoming altar of Fedhas.
  5217 | D:9      | HP: 2/78 [something (8)]
  5217 | D:9      | Slain by an unseen horror

Action                   |  1- 3 |  4- 6 |  7- 9 || total
-------------------------+-------+-------+-------++-------
Melee: Trident           |   122 |   182 |   219 ||   523
Evoke: Deck              |       |     3 |     8 ||    11
       Wand              |       |       |     1 ||     1
  Use: Potion            |       |     5 |     1 ||     6
       Scroll            |       |       |     8 ||     8
  Eat: Bread ration      |       |     1 |     2 ||     3
       Meat ration       |       |     1 |       ||     1
